 Dungeon Sprint DCSS version 0.31-a0-37-g98a128e1d9 (webtiles) character file.

Game seed: 14082112313457026670

9069 bmack86 the Severer (level 11, -3/112 HPs)
             Began as a Minotaur Berserker on May 14, 2023.
             Was the Champion of Trog.
             Slain by an 11-headed hydra (5 damage)
             ... while paralysed by a floating eye
             ... in the Dungeon (Sprint I: "Red Sonja").
             The game lasted 00:11:15 (1086 turns).

bmack86 the Severer (Minotaur Berserker)            Turns: 1086, Time: 00:11:17

Health: -3/112     AC: 18    Str: 27    XL:     11   Next: 18%
Magic:  10/10      EV:  2    Int:  4    God:    Trog [******]
Gold:   251        SH:  0    Dex: 11    Spells: 10/10 levels left

rFire   . . .        F - +4 broad axe (flame)
rCold   + . .        l - +1 tower shield
rNeg    . . .        n - +5 scale mail of Eshruemi {rC+ Str+2}
rPois   .            (helmet restricted)
rElec   .            x - +2 cloak
rCorr   .            (no gloves)
SInv    +            (no boots)
Will    .....        A - amulet of regeneration Stlth
                     s - ring of flight
HPRegen 1.18/turn    B - ring of see invisible
MPRegen 0.12/turn

%: no teleportation
@: paralysed, flying
A: horns 2, retaliatory headbutt
a: Renounce Religion, Berserk, Trog's Hand, Brothers in Arms


You were in the Dungeon.
You worshipped Trog.
Trog was exalted by your worship.
You visited 1 branch You collected 2032 gold pieces.
You spent 1781 gold pieces at shops.

Inventory:

Hand Weapons
 a - a +0 hand axe
 k - a +0 scythe
 m - a +2 broad axe of flaming
 D - the +8 broad axe of Excruciating Pain {antimagic, rElec rN+ Str+3}
   (Trog gifted it to you in the Dungeon)

   Str:       It affects your strength (+3).
   rElec:     It insulates you from electricity.
   rN:        It protects you from negative energy.
 F - a +4 broad axe of flaming (weapon)
Missiles
 p - 4 curare-tipped darts
Armour
 b - a +0 animal skin
 j - a +0 leather armour
 l - a +1 tower shield (worn)
 n - the +5 scale mail of Eshruemi (worn) {rC+ Str+2}
   (You bought it in a shop in the Dungeon)

   Str:       It affects your strength (+2).
   rC:        It protects you from cold.
 x - a +2 cloak (worn)
Jewellery
 s - a ring of flight (left hand)
 v - an amulet of guardian spirit
 A - an amulet of regeneration (around neck)
 B - a ring of see invisible (right hand)
Wands
 i - a wand of quicksilver (3) (quivered)
Scrolls
 h - a scroll of blinking
 r - a scroll of magic mapping {unknown}
 u - a scroll of fear {unknown}
 y - a scroll of immolation {unknown}
 C - a scroll of identify
Potions
 c - 3 potions of curing
 d - a potion of heal wounds
 e - 2 potions of haste
 f - 3 potions of magic
 g - a potion of berserk rage
 o - a potion of resistance
 q - a potion of mutation {unknown}
 t - a potion of ambrosia {unknown}
 z - 2 potions of flight
Miscellaneous
 w - a phantom mirror


   Skills:
 + Level 15.1 Fighting
 * Level 20.1 Axes
 + Level 14.4 Armour
 - Level 3.0 Dodging
 + Level 12.3 Shields
 - Level 8.0 Evocations


You had 10 spell levels left.
You didn't know any spells.
Your spell library was empty.

Dungeon Overview and Level Annotations

Branches:
Dungeon (1/1)

Altars:
Cheibriados
Dithmenos
Elyvilon
Fedhas
Gozag
Hepliaklqana
Kikubaaqudgha
Makhleb
Nemelex Xobeh
Okawaru
Qazlal
Ru
Sif Muna
Trog
Uskayaw
Vehumet
Wu Jian
Xom
Yredelemnul
Zin
The Shining One
Jiyva
Lugonu

Shops:
D =*[!?=(:(*(==!*[!


Innate Abilities, Weirdness & Mutations

You have a pair of horns on your head.
You reflexively headbutt those who attack you in melee.


Message History

The 11-headed hydra bites you but does no damage.
The 11-headed hydra bites you.
The 11-headed hydra bites you but does no damage.
The 11-headed hydra bites you! x2
The floating eye gazes piercingly through you!
You suddenly lose the ability to move!
The 11-headed hydra bites you but does no damage. x2
The 11-headed hydra bites you.
The 11-headed hydra bites you but does no damage.
The 11-headed hydra barely misses you.
The 11-headed hydra completely misses you.
The 11-headed hydra bites you but does no damage.
The 11-headed hydra bites you. x4
The floating eye seems to glare at you.
The 11-headed hydra bites you! x2; The 11-headed hydra bites you.
The 11-headed hydra bites you! The 11-headed hydra barely misses you.
The 11-headed hydra bites you but does no damage. x3
The 11-headed hydra bites you. x2
The 11-headed hydra bites you but does no damage.
The floating eye gazes piercingly through you!
You shrug off the repeated paralysis!
The 11-headed hydra bites you. x2; The 11-headed hydra bites you!
* * * LOW HITPOINT WARNING * * *
The 11-headed hydra bites you.
* * * LOW HITPOINT WARNING * * *
The 11-headed hydra bites you but does no damage. x7
The floating eye's stare focuses on you.
The 11-headed hydra bites you.
* * * LOW HITPOINT WARNING * * *
The 11-headed hydra bites you but does no damage.
The 11-headed hydra bites you!
* * * LOW HITPOINT WARNING * * *
The 11-headed hydra bites you!
* * * LOW HITPOINT WARNING * * *
The 11-headed hydra bites you!
* * * LOW HITPOINT WARNING * * *
The 11-headed hydra bites you.
* * * LOW HITPOINT WARNING * * *
The 11-headed hydra bites you.
You die...

#####################
..#.)#..§§'.§§§.@DG$#
..##'#§####.§§§.##$.+
..†..#.# ##§§.## ##
###..§§# ###+#
.##+#### .# .# §###
.'.#


You could see a 11-headed hydra and a floating eye (charged).

Vanquished Creatures
  2 centaur warriors (D)
  Sonja (D)
  A deep troll (D)
  An oklob plant (D)
  2 unseen horrors (D)
  2 kobold demonologists (D)
  A hornet (D)
  A slime creature (D)
  Sigmund (D)
  13 hogs (D)
  A yak (D)
  2 redbacks (D)
  2 floating eyes (D)
  An ogre (D)
  5 necrophages (D)
  A jelly (D)
  Ijyb (D)
38 creatures vanquished.

Vanquished Creatures (collateral kills)
  A lindwurm (D)
  4 demonic crawlers (D)
  2 necrophages (D)
  7 jellies (D)
14 creatures vanquished.

Vanquished Creatures (others)
  A gargoyle (D)
  2 ballistomycete spores (D)
3 creatures vanquished.

Grand Total: 55 creatures vanquished

Notes
Turn   | Place    | Note
-------+----------+-------------------------------------------
     0 | D        | bmack86 the Minotaur Berserker began the quest for the Orb.
     0 | D        | Reached XP level 1. HP: 19/19 MP: 0/0
     3 | D        | Noticed Ijyb
     5 | D        | Killed Ijyb
     6 | D        | Reached skill level 5 in Fighting
     6 | D        | Reached skill level 5 in Axes
     6 | D        | Reached XP level 2. HP: 29/29 MP: 1/1
    50 | D        | Noticed an ogre
    54 | D        | Killed an ogre
    55 | D        | Reached skill level 7 in Axes
    55 | D        | Reached skill level 5 in Armour
    55 | D        | Reached XP level 3. HP: 32/38 MP: 2/2
    55 | D        | Reached XP level 4. HP: 37/45 MP: 3/3
   107 | D        | Noticed Sigmund
   114 | D        | Killed Sigmund
   114 | D        | Reached ** piety under Trog
   115 | D        | Reached skill level 10 in Axes
   115 | D        | Reached XP level 5. HP: 53/53 MP: 4/4
   115 | D        | Reached XP level 6. HP: 61/61 MP: 5/5
   142 | D        | Found a burning altar of Makhleb.
   142 | D        | Found a viscous altar of Jiyva.
   142 | D        | Found a shimmering altar of Xom.
   142 | D        | Found a corrupted altar of Lugonu.
   142 | D        | Noticed a slime creature
   146 | D        | Killed a slime creature
   147 | D        | Reached skill level 11 in Axes
   147 | D        | Reached skill level 5 in Evocations
   189 | D        | Found an ornate altar of the Wu Jian Council.
   189 | D        | Found a shimmering blue altar of Sif Muna.
   191 | D        | Found a radiant altar of Vehumet.
   226 | D        | Found Jeiston's Assorted Antiques.
   226 | D        | Found an ancient bone altar of Kikubaaqudgha.
   226 | D        | Found a hazy altar of Hepliaklqana.
   226 | D        | Found a stormy altar of Qazlal.
   226 | D        | Found a hide-covered altar of Uskayaw.
   226 | D        | Found a blossoming altar of Fedhas.
   226 | D        | Found a bloodstained altar of Trog.
   226 | D        | Found an iron altar of Okawaru.
   226 | D        | Found a basalt altar of Yredelemnul.
   226 | D        | Found a glowing golden altar of the Shining One.
   226 | D        | Found a snail-covered altar of Cheibriados.
   226 | D        | Found a sacrificial altar of Ru.
   226 | D        | Found a glowing silver altar of Zin.
   226 | D        | Found a shadowy altar of Dithmenos.
   226 | D        | Found a white marble altar of Elyvilon.
   226 | D        | Noticed a yak
   227 | D        | Killed a yak
   228 | D        | Reached skill level 12 in Axes
   228 | D        | Reached XP level 7. HP: 70/70 MP: 6/6
   228 | D        | Found an opulent altar of Gozag.
   229 | D        | Found a sparkling altar of Nemelex Xobeh.
   233 | D        | Bought a tower shield for 121 gold pieces
   233 | D        | Bought a ruby potion for 24 gold pieces
   233 | D        | Bought a steaming scale mail for 243 gold pieces
   233 | D        | Identified the +5 scale mail of Eshruemi {rC+ Str+2} (You
                  | bought it in a shop in the Dungeon)
   233 | D        | Bought a scroll labelled JUOQUZXECW for 27 gold pieces
   276 | D        | Noticed Sonja
   280 | D        | Killed Sonja
   280 | D        | Reached *** piety under Trog
   281 | D        | Reached skill level 10 in Fighting
   281 | D        | Reached skill level 13 in Axes
   281 | D        | Reached XP level 8. HP: 67/81 MP: 7/7
   342 | D        | Found Efaq's Jewellery Boutique.
   362 | D        | Noticed a deep troll
   373 | D        | Killed a deep troll
   374 | D        | Reached skill level 14 in Axes
   374 | D        | Reached skill level 10 in Armour
   374 | D        | Reached skill level 5 in Shields
   383 | D        | Found Mett's Armour Emporium.
   434 | D        | Bought a ring of flight for 192 gold pieces
   453 | D        | Noticed a centaur warrior
   456 | D        | Noticed a centaur warrior
   466 | D        | Killed a centaur warrior
   467 | D        | Reached skill level 15 in Axes
   467 | D        | Reached XP level 9. HP: 90/90 MP: 8/8
   467 | D        | Killed a centaur warrior
   468 | D        | Reached skill level 16 in Axes
   515 | D        | Reached **** piety under Trog
   531 | D        | Noticed an oklob plant
   540 | D        | Killed an oklob plant
   599 | D        | Paralysed by a floating eye for 4 turns
   605 | D        | Reached skill level 17 in Axes
   613 | D        | Reached XP level 10. HP: 101/101 MP: 9/9
   616 | D        | Reached ***** piety under Trog
   652 | D        | Received a gift from Trog
   665 | D        | Reached skill level 10 in Shields
   669 | D        | Reached skill level 18 in Axes
   697 | D        | Found Murroekh's Distillery.
   697 | D        | Found Puifung's Armour Shop.
   697 | D        | Found Nueq's Magic Scroll Boutique.
   699 | D        | Found Igytaeg's Jewellery Emporium.
   699 | D        | Found Tivy's Antique Weapon Shop.
   699 | D        | Found Xeagekh's Book Shoppe.
   699 | D        | Found Fapip's Weapon Boutique.
   699 | D        | Found Gaor Yv Hap's General Store.
   699 | D        | Found Loah Edo's Antique Weapon Shop.
   699 | D        | Found Puhaxt's Jewellery Shoppe.
   703 | D        | Found Jaewk's Jewellery Boutique.
   704 | D        | Found Jionoen's Assorted Antiques.
   704 | D        | Found Ytehokh's Distillery.
   705 | D        | Found Yjovab's Distillery.
   712 | D        | Bought a cloak for 126 gold pieces
   712 | D        | Bought 2 golden potions for 50 gold pieces
   712 | D        | Bought a scroll labelled ISAEHOPHEF for 28 gold pieces
   723 | D        | Bought an amulet of regeneration for 300 gold pieces
   743 | D        | Bought a ring of see invisible for 150 gold pieces
   745 | D        | Bought a scroll of enchant armour for 90 gold pieces
   745 | D        | Bought a scroll of enchant weapon for 90 gold pieces
   745 | D        | Bought a scroll of enchant armour for 90 gold pieces
   745 | D        | Bought a scroll of enchant armour for 90 gold pieces
   745 | D        | Bought a scroll of identify for 24 gold pieces
   745 | D        | Bought a scroll of identify for 24 gold pieces
   747 | D        | Bought a runed broad axe for 112 gold pieces
   956 | D        | Paralysed by a floating eye for 4 turns
   958 | D        | Noticed a smoke demon
   966 | D        | Reached ****** piety under Trog
   966 | D        | Received a gift from Trog
   987 | D        | Noticed a demonic crawler
   987 | D        | Noticed a demonic crawler
   987 | D        | Noticed a demonic crawler
   987 | D        | Noticed a demonic crawler
   988 | D        | Killed a demonic crawler
   990 | D        | Killed a demonic crawler
   991 | D        | Killed a demonic crawler
   993 | D        | Killed a demonic crawler
   994 | D        | Reached skill level 19 in Axes
  1012 | D        | Noticed a lindwurm
  1017 | D        | Killed a lindwurm
  1019 | D        | Killed a gargoyle
  1039 | D        | Reached XP level 11. HP: 111/111 MP: 10/10
  1057 | D        | Identified the +8 broad axe of Excruciating Pain
                  | {antimagic, rElec rN+ Str+3} (Trog gifted it to you in the
                  | Dungeon)
  1057 | D        | Received a gift from Trog
  1058 | D        | Reached skill level 15 in Fighting
  1062 | D        | Reached skill level 20 in Axes
  1081 | D        | Noticed a 12-headed hydra
  1082 | D        | Paralysed by a floating eye for 4 turns
  1086 | D        | HP: 3/112 [11-headed hydra (8)]
  1086 | D        | Slain by an 11-headed hydra

Illustrated notes

Levels and vault maps discovered:
D:        dungeon_sprint_1 [red_sonja_temple_1, red_sonja_temple_small_1]

Skill      XL: |  1  2  3  4  5  6  7  8  9 10 11 |
---------------+----------------------------------+-----
Fighting       | 5 6 8 9 10 11 13 14 15 | 15.1
Axes           | 5 7 10 12 13 15 17 19 20 | 20.1
Armour         | 3 5 6 8 9 10 12 14 | 14.4
Dodging        | 3 |  3.0
Evocations     | 2 4 5 6 7 8 |  8.0
Shields        | 4 6 9 11 12 | 12.3

Action                     |  1- 3 |  4- 6 |  7- 9 | 10-12 || total
---------------------------+-------+-------+-------+-------++-------
  Melee: Hand axe          |     4 |     6 |    46 |    18 ||    74
         Headbutt          |     1 |     2 |    12 |    12 ||    27
         Halberd           |       |     6 |       |       ||     6
         Broad axe         |       |       |       |    60 ||    60
 Invoke: Berserk           |     2 |     2 |     3 |     1 ||     8
         Brothers in Arms  |       |       |     1 |     2 ||     3
  Evoke: Wand              |       |       |     2 |       ||     2
    Use: Scroll            |       |       |     1 |     6 ||     7
 Armour: Leather armour    |       |     2 |       |       ||     2
         Scale mail        |       |       |    15 |    75 ||    90
  Dodge: Dodged            |     1 |     2 |    16 |    15 ||    34
  Block: Tower shield      |       |       |    32 |    53 ||    85

Table legend: (Time is in decaauts)
 A = Elapsed time spent in this place.
 B = Non-inter-level travel time spent in this place.
 C = Inter-level travel time spent in this place.
 D = Time resting spent in this place.
 E = Time spent auto-exploring this place.
 F = Levels seen in this place.
 G = Mean time per level.
                   A        B        C        D        E       F      G
               +--------+--------+--------+--------+--------+-----+--------+
         Total |   1137 |   1137 |      0 |    349 |      0 |   1 | 1137.0 |
       Dungeon |   1137 |   1137 |      0 |    349 |      0 |   1 | 1137.0 |
               +--------+--------+--------+--------+--------+-----+--------+

Top non-repeatable levels by time:
       D: 1137 daAuts
